 Dungeon Crawl Stone Soup version 0.30-a0-652-gcc886f7154 (webtiles) character file.

Game seed: 6749835297915351933

1474 BigDaddyOpFi the Sneak (level 8, -3/53 (56) HPs)
             Began as an Octopode Fighter on Jan 17, 2023.
             Was a Priest of Ru.
             Slain by a yak (11 damage)
             ... on level 6 of the Dungeon.
             The game lasted 00:07:53 (4305 turns).

BigDaddyOpFi the Sneak (Octopode Fighter)           Turns: 4305, Time: 00:07:54

HP:   -3/53 (56)    AC:  1    Str: 17    XL:     8   Next: 78%
MP:   14/14         EV: 15    Int: 11    God:    Ru [***...]
Gold: 468           SH:  0    Dex: 17    Spells: 15/15 levels left

rFire   + . .      SeeInvis +    c - +4 demon blade (elec)
rCold   . . .      Faith    .    (no shield)
rNeg    + . .      Spirit   .    (helmet restricted)
rPois   .          Reflect  .    (no amulet)
rElec   .          Harm     .    j - ring of positive energy
rCorr   .          Rampage  .    d - +6 ring of dexterity
Will    .....      Clarity  +    (no ring)
Stlth   ++++                     (no ring)
HPRegen 0.28/turn                (no ring)
MPRegen 0.14/turn                (no ring)
                                 (no ring)
                                 (no ring)

@: exhausted, drained
A: almost no armour, amphibious, 8 rings, camouflage 1, gelatinous body 1,
weak-willed 1, (nimble swimmer 1), tentacles, see invisible, clarity, fire
resistance 1
a: Renounce Religion, Draw Out Power


You were on level 6 of the Dungeon.
You worshipped Ru.
Ru was most pleased with you.
You visited 1 branch of the dungeon, and saw 6 of its levels.

You collected 468 gold pieces.

Inventory:

Hand Weapons
 a - a +1 rapier
 c - a +4 demon blade of electrocution (weapon)
 l - a +2 quick blade of freezing
Armour
 b - a +0 buckler
Jewellery
 d - a +6 ring of dexterity (right tentacle)
 j - a ring of positive energy (left tentacle)
Wands
 r - a wand of flame (19)
Scrolls
 g - a scroll of fog
 h - a scroll of poison
 m - 4 scrolls of identify
 p - 2 scrolls of teleportation {unknown}
 s - a scroll of enchant weapon
 t - a scroll of amnesia {unknown}
 v - a scroll of magic mapping {unknown}
Potions
 e - a potion of invisibility
 f - 2 potions of mutation
 i - 4 potions of resistance
 k - 2 potions of haste
 o - a potion of lignification {unknown}
 u - a potion of ambrosia {unknown}
 w - a potion of berserk rage {unknown}
 x - a potion of degeneration {unknown}
 z - a potion of magic {unknown}


   Skills:
 + Level 5.4 Fighting
 - Level 4.3(4.7) Short Blades
 * Level 2.7(4.0) Long Blades
 + Level 5.3 Dodging
 + Level 6.3 Stealth
 - Level 3.0 Shields
 * Level 4.3 Spellcasting


You had 15 spell levels left.
You didn't know any spells.
Your spell library contained the following spells:

 Spells                   Type           Power      Damage    Failure   Level
 Freeze                   Ice            8%         1d3       24%         1
 Summon Small Mammal      Summ           8%         N/A       24%         1
 Ensorcelled Hibernation  Hex/Ice        4%         N/A       34%         2
 Call Canine Familiar     Summ           2%         N/A       56%         3
 Frozen Ramparts          Ice            4%         1d1       56%         3
 Hailstorm                Conj/Ice       2%         3d3       56%         3
 Ozocubu's Armour         Ice            2%         N/A       56%         3
 Spider Form              Tmut/Pois      2%         N/A       56%         3
 Summon Guardian Golem    Hex/Summ       2%         N/A       56%         3
 Anguish                  Hex/Necr       1%         N/A       93%         4
 Metabolic Englaciation   Hex/Ice        1%         N/A       100%        5
 Simulacrum               Ice/Necr       1%         N/A       100%        6


Dungeon Overview and Level Annotations

Branches:
Dungeon (6/15)
 Temple: D:4-7

Altars:
Okawaru
Ru
Uskayaw
Xom
The Shining One


Innate Abilities, Weirdness & Mutations

You cannot wear most types of armour.
You are amphibious.
You can wear up to eight rings at the same time.
Your skin changes colour to match your surroundings (Stealth+).
Your rubbery body absorbs attacks. (AC +1, EV +1)
You are slightly weak-willed. (Will-)
((You are camouflaged when in or above water. (Stealth+)))
You have tentacles for arms and can constrict up to eight enemies at once.
You have supernaturally acute eyesight. (SInv)
You possess an exceptional clarity of mind.
Your flesh is heat resistant. (rF+)


Message History

The yak misses you.
You hit the yak but do no damage. The yak gores you. The yak gores you!
* * * LOW HITPOINT WARNING * * *
Okay, then.
Okay, then.
Okay, then.
It was a potion of heal wounds.
You feel much better. The yak closely misses you. x2
Blink to where?
Press: ? - help, Dir - move target, f - you Are you sure you want to cancel this blink? [Y]es or [N]o only, please.
Are you sure you want to cancel this blink? [Y]es or [N]o only, please.
Are you sure you want to cancel this blink?
Blink to where?
Press: ? - help, Dir - move target, f - you Are you sure you want to cancel this blink? [Y]es or [N]o only, please.
Are you sure you want to cancel this blink? [Y]es or [N]o only, please.
Are you sure you want to cancel this blink?
Okay, then.
As you read the scroll labelled PALANGYSIU, it crumbles to dust.
It was a scroll of blinking.
The yak gores you!
* * * LOW HITPOINT WARNING * * *
The yak completely misses you.
Okay, then.
Okay, then.
You are restored by drawing out deep reserves of power within.
You feel drained. The yak gores you! x2
* * * LOW HITPOINT WARNING * * *
You slash the yak!
The yak is heavily wounded.
The yak barely misses you. The yak misses you.
You hit the yak. Lightning courses through the yak!
Your squeeze misses the yak.
The yak is almost dead.
The yak gores you!
You die...

##......# #......#
. ##.....# ..
##....# ... #....#
##.... ##...# #....
#...####..#
###..##....#
###@Y........# ##
###..Y###..........
.. ###...###
##............
###..####
#..♣...8~~~~~
####..###
#....?.~~~~~~
###...###
#..♣...~~~~≈≈
###...###
#......~~~≈≈≈
....###
#..♣...~~~≈8≈ ...##
#......~~≈~~⌠


You could see 2 yaks.

Vanquished Creatures
  Pikel (D:5)
  Sigmund (D:2)
  A yak (D:6)
  An ogre (D:6)
  A lemure (D:5)
  2 bullfrogs (D:6)
  A necrophage (D:6)
  2 scorpions
  A jelly (D:5)
  An orc priest (D:4)
  2 hounds
  Ijyb (D:4)
  2 iguanas
  A gnoll (D:1)
  4 adders
  A white imp (D:6)
  An ufetubus (D:5)
  A worm (D:2)
  3 dart slugs
  7 orcs
  12 endoplasms
  2 giant cockroaches
  7 goblins
  8 hobgoblins
  4 jackals
  4 quokkas
  8 ball pythons
  7 bats
  4 frilled lizards
  9 kobolds
  4 rats
104 creatures vanquished.

Vanquished Creatures (others)
  A black bear (D:5)
  An ogre (D:5)
  An iguana (D:5)
  An adder (D:5)
  3 orcs (D:5)
  2 quokkas (D:5)
9 creatures vanquished.

Grand Total: 113 creatures vanquished

Notes
Turn   | Place    | Note
-------+----------+-------------------------------------------
     0 | D:1      | BigDaddyOpFi the Octopode Fighter began the quest for the
                  | Orb.
     0 | D:1      | Reached XP level 1. HP: 16/16 MP: 1/1
    53 | D:1      | Reached skill level 1 in Stealth
    53 | D:1      | Reached XP level 2. HP: 14/21 MP: 2/2
   325 | D:1      | Reached XP level 3. HP: 26/26 MP: 3/3
   503 | D:1      | Reached skill level 2 in Stealth
   611 | D:2      | Noticed Sigmund
   627 | D:2      | Killed Sigmund
   628 | D:2      | Reached skill level 3 in Stealth
   628 | D:2      | Reached XP level 4. HP: 25/33 MP: 4/4
   628 | D:2      | Reached XP level 5. HP: 29/37 MP: 5/5
  1683 | D:3      | Reached XP level 6. HP: 41/43 MP: 6/6
  1772 | D:3      | Found a faded altar of an unknown god.
  1813 | D:3      | Found a glowing golden altar of the Shining One.
  1815 | D:3      | Found a sacrificial altar of Ru.
  1815 | D:3      | Found an iron altar of Okawaru.
  1920 | D:3      | Became a worshipper of Ru the Awakened
  2019 | D:4      | Identified a scroll of acquirement
  2019 | D:4      | Acquired a +2 quick blade of freezing
  2103 | D:4      | Reached skill level 4 in Stealth
  2107 | D:4      | Reached skill level 1 in Spellcasting
  2270 | D:4      | Noticed Ijyb
  2289 | D:4      | Killed Ijyb
  2821 | D:5      | Entered Level 5 of the Dungeon
  2916 | D:5      | Noticed a black bear
  2918 | D:5      | Found a shimmering altar of Xom.
  3051 | D:5      | Killed a black bear
  3171 | D:5      | Noticed Pikel
  3181 | D:5      | Gained mutation: You possess an exceptional clarity of
                  | mind. [potion of mutation]
  3181 | D:5      | Gained mutation: You are strong-willed. (Will+) [potion of
                  | mutation]
  3181 | D:5      | Gained mutation: You have supernaturally acute eyesight.
                  | (SInv) [potion of mutation]
  3181 | D:5      | Gained mutation: Your flesh is heat resistant. (rF+)
                  | [potion of mutation]
  3182 | D:5      | Killed Pikel
  3183 | D:5      | Reached skill level 5 in Stealth
  3183 | D:5      | Reached XP level 7. HP: 19/49 MP: 8/11
  3183 | D:5      | Reached XP level 8. HP: 21/54 MP: 8/12
  3402 | D:5      | Acquired a +4 demon blade of electrocution
  3561 | D:5      | Reached skill level 5 in Fighting
  3796 | D:6      | Reached skill level 5 in Dodging
  3799 | D:6      | Lost mutation: You are strong-willed. (Will+) [Ru
                  | sacrifice]
  3799 | D:6      | Gained mutation: You are slightly weak-willed. (Will-) [Ru
                  | sacrifice]
  3799 | D:6      | Reached * piety under Ru
  3799 | D:6      | Reached ** piety under Ru
  3799 | D:6      | Reached *** piety under Ru
  3856 | D:6      | Reached skill level 1 in Long Blades
  3874 | D:6      | Found a hide-covered altar of Uskayaw.
  4016 | D:6      | Reached skill level 6 in Stealth
  4281 | D:6      | Noticed a yak
  4283 | D:6      | Noticed a yak
  4283 | D:6      | Noticed a yak
  4299 | D:6      | Killed a yak
  4305 | D:6      | Slain by a yak

Illustrated notes

Levels and vault maps discovered:
D:1:      minmay_arrival_nine_rooms, layout_rooms
D:2:      layout_basic, chequers_serial_rivers_micro_b, minmay_tromino_mix6,
          uniq_sigmund
D:3:      layout_basic, chequers_temple_overflow_statue_of_worship,
          ebering_ecumenical_altar_hall
D:4:      layout_basic, uniq_ijyb
D:5:      layout_loops_ring, xom_confusion_cloud, uniq_pikel
D:6:      layout_cave_pods, nicolae_uskayaw_suspiria, serial_park,
          serial_park_tiny_2, serial_park_fountain, serial_park_tiny_pond,
          serial_park_tiny_2, serial_park_gazebo [serial_park_minivault_5x5_8],
          serial_park_tiny_pond

Skill      XL: |  1  2  3  4  5  6  7  8 |
---------------+-------------------------+-----
Stealth        | 1 3 5 6 |  6.3
Fighting       | 4 5 |  5.4
Short Blades   | 3 4 |  4.3
Dodging        | 4 5 |  5.3
Spellcasting   | 3 4 |  4.3
Long Blades    | 2 |  2.7
Shields        | |  3.0

Action                   |  1- 3 |  4- 6 |  7- 9 || total
-------------------------+-------+-------+-------++-------
Melee: Rapier            |    61 |    57 |       ||   118
       Tentacles         |    15 |    29 |     6 ||    50
       Constrict         |    14 |    31 |     7 ||    52
       Punch             |     1 |     1 |       ||     2
       Quick blade       |       |    60 |       ||    60
       Demon blade       |       |       |    40 ||    40
Invok: Draw Out Power    |       |       |     1 ||     1
       Sacrifice Essence |       |       |     1 ||     1
  Use: Scroll            |       |     9 |     2 ||    11
       Potion            |       |     3 |     1 ||     4
 Stab: Sleeping          |     3 |     9 |     6 ||    18
       Distracted        |       |     1 |       ||     1
Armor: Skin              |     6 |     6 |     1 ||    13
Dodge: Dodged            |    45 |    72 |    23 ||   140
Block: Buckler           |     3 |       |       ||     3

Table legend: (Time is in decaauts)
 A = Elapsed time spent in this place.
 B = Non-inter-level travel time spent in this place.
 C = Inter-level travel time spent in this place.
 D = Time resting spent in this place.
 E = Time spent auto-exploring this place.
 F = Levels seen in this place.
 G = Mean time per level.
                   A        B        C        D        E       F      G
               +--------+--------+--------+--------+--------+-----+--------+
         Total |   4270 |   4154 |    116 |    221 |   3109 |   6 |  711.7 |
       Dungeon |   4270 |   4154 |    116 |    221 |   3109 |   6 |  711.7 |
               +--------+--------+--------+--------+--------+-----+--------+

Top non-repeatable levels by time:
     D:5: 956 daAuts
     D:2: 827 daAuts
     D:4: 783 daAuts
     D:1: 614 daAuts
     D:3: 568 daAuts
     D:6: 521 daAuts
